 Dungeon Crawl Stone Soup version 0.29.1-12-g30fa7ad0bf (webtiles) character file.

Game seed: 16499577232754495734

342 soggyman666 the Cleaver (level 6, -1/51 HPs)
             Began as a Minotaur Fighter on Dec 28, 2022.
             Was an Initiate of Trog.
             Slain by a gnoll
             ... wielding a +0 spear
             ... led by a gnoll bouda
              (7 damage)
             ... on level 4 of the Dungeon.
             The game lasted 00:04:08 (3047 turns).

soggyman666 the Cleaver (Minotaur Fighter)          Turns: 3047, Time: 00:04:09

Health: -1/51      AC: 10    Str: 28    XL:     6   Next: 30%
Magic:  5/5        EV: 12    Int:  5    God:    Trog [......]
Gold:   214        SH:  4    Dex: 10    Spells: 5/5 levels left

rFire   . . .      SeeInvis .   a - +0 war axe
rCold   . . .      Faith    .   c - +0 buckler
rNeg    . . .      Spirit   .   z - +1 chain mail {rPois}
rPois   +          Reflect  .   (helmet restricted)
rElec   .          Harm     .   (no cloak)
rCorr   .          Rampage  .   (no gloves)
Will    .....                   (no boots)
Stlth   ..........              (no amulet)
HPRegen 0.17/turn               k - +6 ring of strength
MPRegen 0.09/turn               r - +4 ring of evasion

@: mighty, brilliant
A: horns 2, retaliatory headbutt
a: Renounce Religion


You were on level 4 of the Dungeon.
You worshipped Trog.
Trog was noncommittal.
You visited 1 branch of the dungeon, and saw 4 of its levels.

You collected 214 gold pieces.

Inventory:

Hand Weapons
 a - a +0 war axe (weapon)
 x - a +0 flail of draining
Armour
 c - a +0 buckler (worn)
 y - a +1 chain mail of cold resistance
 z - a +1 chain mail of poison resistance (worn)
Jewellery
 k - a +6 ring of strength (left hand)
 r - a +4 ring of evasion (right hand)
Scrolls
 f - a scroll of torment {unknown}
 j - 2 scrolls of magic mapping {unknown}
 l - a scroll of enchant weapon {unknown}
 m - a scroll of enchant armour {unknown}
 q - a scroll of identify
 t - 2 scrolls of teleportation {unknown}
 u - a scroll of acquirement {unknown}
 v - a scroll of noise {unknown}
 w - a scroll of fear {unknown}
Potions
 b - a potion of resistance {unknown}
 e - a potion of lignification {unknown}
 g - 6 potions of curing
 h - a potion of brilliance
 i - 2 potions of heal wounds {unknown}
 n - a potion of cancellation {unknown}
 o - a potion of mutation {unknown}
 p - a potion of degeneration {unknown}
 s - 2 potions of attraction {unknown}


   Skills:
 - Level 3.6 Fighting
 + Level 8.2 Axes
 - Level 3.6 Armour
 - Level 3.6 Shields


You had 5 spell levels left.
You didn't know any spells.
Your spell library was empty.

Dungeon Overview and Level Annotations

Branches:
Dungeon (4/15)
 Temple: D:4-7

Altars:
Trog


Innate Abilities, Weirdness & Mutations

You have a pair of horns on your head.
You reflexively headbutt those who attack you in melee.


Message History

Unknown command.
You are too injured to fight recklessly!
Unknown command.
You are too injured to fight recklessly!
Unknown command.
Unknown command.
You are too injured to fight recklessly!
Okay, then.
You feel very mighty all of a sudden. You block the gnoll's attack.
The gnoll hits you from afar with a +0 spear!
* * * LOW HITPOINT WARNING * * *
The gnoll bouda calls upon its god to heal the gnoll.
The gnoll's wounds heal themselves!
The gnoll closely misses you.
As you read the scroll labelled ODEZOI HEDO, it crumbles to dust.
It is a scroll of identify.
g - 7 potions of curing Your attacks no longer feel as feeble.
The gnoll hits you but does no damage. You block the gnoll's attack.
The gnoll closely misses you.
The gnoll bouda hits you with a +0 whip.
* * * LOW HITPOINT WARNING * * *
The gnoll hits you but does no damage.
You feel better.
The gnoll is no longer moving quickly.
The gnoll hits you but does no damage.
The gnoll bouda barks out a call to the hunt!
The gnoll picks up the pace!
The gnoll hits you from afar with a +0 spear.
* * * LOW HITPOINT WARNING * * *
The gnoll hits you but does no damage.
It was a potion of brilliance.
You feel clever all of a sudden. The gnoll misses you. You furiously retaliate!
You headbutt the gnoll!
You kill the gnoll!
Trog accepts your kill. The gnoll barely misses you.
The gnoll bouda utters an invocation to its god.
The gnoll bouda is healed somewhat.
The gnoll hits you from afar with a +0 spear!
You die...

.......###..)######
<....#..###.......#
..................#
.......###........#####
.#######
#...####.....##
##..###.(.....#
#..............
##.............
#.....g@.......
#.....g).......
#....gg........
#>.............
#.......?......
................
................
.#..##..........


You could see a gnoll bouda and 3 gnolls.

Vanquished Creatures
  A phantom (D:4)
  A scorpion (D:4)
  A hound (D:4)
  Terence (D:3)
  2 gnolls (D:4)
  6 adders
  2 worms (D:2)
  A dart slug (D:3)
  3 orcs (D:3)
  8 bats
  5 endoplasms
  4 giant cockroaches (D:1)
  5 goblins
  7 hobgoblins
  8 jackals (D:2)
  7 kobolds
  2 quokkas
  5 ball pythons
  2 frilled lizards
  5 rats
76 creatures vanquished.

Notes
Turn   | Place    | Note
-------+----------+-------------------------------------------
     0 | D:1      | soggyman666 the Minotaur Fighter began the quest for the
                  | Orb.
     0 | D:1      | Reached XP level 1. HP: 19/19 MP: 0/0
    84 | D:1      | Found a faded altar of an unknown god.
   139 | D:1      | Reached skill level 3 in Axes
   221 | D:1      | Reached XP level 2. HP: 24/26 MP: 1/1
   504 | D:1      | Reached skill level 4 in Axes
   777 | D:1      | Reached XP level 3. HP: 31/31 MP: 2/2
  1179 | D:2      | Reached skill level 5 in Axes
  1689 | D:2      | Reached XP level 4. HP: 39/39 MP: 3/3
  2173 | D:3      | Reached skill level 6 in Axes
  2813 | D:3      | Noticed Terence
  2814 | D:3      | Found a bloodstained altar of Trog.
  2817 | D:3      | Killed Terence
  2818 | D:3      | Reached XP level 5. HP: 45/45 MP: 4/4
  2834 | D:3      | Became a worshipper of Trog the Wrathful
  2956 | D:4      | Noticed a phantom
  2963 | D:4      | Killed a phantom
  2964 | D:4      | Reached skill level 7 in Axes
  3038 | D:4      | Reached XP level 6. HP: 44/51 MP: 5/5
  3040 | D:4      | Reached skill level 8 in Axes
  3044 | D:4      | HP: 2/51 [gnoll/+0 spear[a gnoll bouda] (8)]
  3047 | D:4      | Slain by a gnoll

Illustrated notes

Levels and vault maps discovered:
D:1:      lightli_arrival_maybe_door_vault, layout_loops_ring,
          hellmonk_ecumenical_altar_run_dry, minmay_pentomino_r4
D:2:      layout_basic, kennysheep_generic_room_14
D:3:      layout_loops_ring, lemuel_round_altar, uniq_terence
D:4:      layout_rooms, serial_shops, nicolae_shop_waterfront,
          nicolae_shop_fire_sale [nicolae_sub_dead_trees],
          kennysheep_generic_room_11

Skill      XL: |  1  2  3  4  5  6 |
---------------+-------------------+-----
Axes           | 3 4 5 6 7 8 |  8.2
Fighting       | |  3.6
Armour         | |  3.6
Shields        | |  3.6

Action                   |  1- 3 |  4- 6 || total
-------------------------+-------+-------++-------
Melee: War axe           |    92 |    78 ||   170
       Headbutt          |     8 |     9 ||    17
  Use: Potion            |       |     3 ||     3
       Scroll            |       |     1 ||     1
Armor: Scale mail        |    29 |       ||    29
       Chain mail        |    20 |    38 ||    58
Dodge: Dodged            |    55 |    60 ||   115
Block: Buckler           |    16 |    20 ||    36
